 Dungeon Crawl Stone Soup version 0.30-a0-956-gcec3b41aec (webtiles) character file.

Game seed: 15178194828283430853

531207 funkygono the Minotaur Barricade (level 23, -12/187 HPs)
             Began as a Minotaur Fighter on Mar 28, 2023.
             Was a High Priest of Okawaru.
             Killed from afar by a quicksilver dragon (37 damage)
             ... with a bolt of dispelling energy
             ... on level 1 of the Realm of Zot on Mar 29, 2023.
             The game lasted 02:31:12 (52440 turns).

funkygono the Minotaur Barricade (MiFi)            Turns: 52440, Time: 02:31:14

Health: -12/187    AC: 35    Str: 44    XL:     23   Next: 95%
Magic:  30/30      EV: 12    Int:  8    God:    Okawaru [*****.]
Gold:   3397       SH: 29    Dex: 12    Spells: 22/22 levels left

rFire   + + .      SeeInvis +    a - +6 war axe (drain)
rCold   + . .      Faith    .    E - +5 tower shield of the Gate {-Cast rPois rF+ Regen+}
rNeg    . . .      Spirit   .    l - +7 plate armour "Zim Nisid" {+Inv rElec rPois rC+}
rPois   +          Reflect  .    P - +0 hat of the Cricket {rElec Will+++ SInv}
rElec   +          Rampage  .    F - +2 cloak {rCorr}
rCorr   +          NoCast   +    p - +3 pair of gloves of Poscha {rPois SInv}
Will    ++++.                    I - +2 pair of boots Stlth
                                 O - amulet "Vuchuf" {Regen+ MP+9}
HPRegen 0.00/turn                t - ring of Jealousy {+Blink rF+ Str+6 Int+3}
MPRegen 0.22/turn                z - ring of the Crown {rElec Str+6 Dex+4}

@: finesse-ful, inhibited regen, studying Maces & Flails
A: horns 2, retaliatory headbutt, clumsy 1, deformed body, frail 2, low MP 2,
screaming 1, inhibited regeneration, no potion heal 1, subdued magic 1
}: 4/15 runes: decaying, serpentine, slimy, silver
a: Renounce Religion, Evoke Blink, Evoke Invisibility, Heroism, Finesse, Duel


You were on level 1 of the Realm of Zot.
You worshipped Okawaru.
Okawaru was extremely pleased with you.
You visited 10 branches of the dungeon, and saw 46 of its levels.
You visited 1 bazaar.
You also visited: Gauntlet.

You collected 5891 gold pieces.
You spent 2494 gold pieces at shops.

Inventory:

Hand Weapons
 a - a +6 war axe of draining (weapon)
 u - the +6 hand axe of Pandemonium {flame, rF+}
   (You found it on level 5 of the Pits of Slime)

   rF:        It protects you from fire.
Missiles
 j - 6 silver boomerangs
 y - 14 boomerangs (quivered)
 H - 21 javelins
 N - 15 silver javelins
 T - 5 throwing nets
Armour
 l - the +7 plate armour "Zim Nisid" (worn) {+Inv rElec rPois rC+}
   (You bought it in a shop on level 1 of the Orcish Mines)

   rC:        It protects you from cold.
   rElec:     It insulates you from electricity.
   rPois:     It protects you from poison.
   +Inv:      It lets you turn invisible.
 p - the +3 pair of gloves of Poscha (worn) {rPois SInv}
   (You bought it in a shop in a bazaar)

   rPois:     It protects you from poison.
   SInv:      It lets you see invisible.
 E - the +5 tower shield of the Gate (worn) {-Cast rPois rF+ Regen+}
   (Okawaru gifted it to you on level 3 of the Snake Pit)

   rF:        It protects you from fire.
   rPois:     It protects you from poison.
   -Cast:     It prevents spellcasting.
   Regen:     It increases your rate of health regeneration.
 F - a +2 cloak of preservation (worn)
 I - a +2 pair of boots (worn)
 P - the +0 hat of the Cricket (worn) {rElec Will+++ SInv}
   (You found it on level 5 of the Lair of Beasts)

   rElec:     It insulates you from electricity.
   SInv:      It lets you see invisible.
   Will:      It greatly increases your willpower.
Jewellery
 i - the ring "Rade" {Fly rCorr Dex+3}
   (You took it off a yaktaur captain on level 5 of the Vaults)

   [ring of flight]

   Dex:       It affects your dexterity (+3).
   Fly:       It grants you flight.
   rCorr:     It protects you from acid and corrosion.
 t - the ring of Jealousy (left hand) {+Blink rF+ Str+6 Int+3}
   (You bought it in a shop on level 2 of the Orcish Mines)

   [ring of strength]

   Str:       It affects your strength (+6).
   Int:       It affects your intelligence (+3).
   rF:        It protects you from fire.
   +Blink:    It lets you blink.
 z - the ring of the Crown (right hand) {rElec Str+6 Dex+4}
   (You found it on level 5 of the Vaults)

   [ring of strength]

   Str:       It affects your strength (+6).
   Dex:       It affects your dexterity (+4).
   rElec:     It insulates you from electricity.
 O - the amulet "Vuchuf" (around neck) {Regen+ MP+9}
   (You found it in a Gauntlet)

   [amulet of regeneration]

   MP:        It affects your magic capacity (+9).
   Regen:     It increases your rate of health regeneration.
Wands
 r - a wand of light (27)
 w - a wand of flame (96)
 C - a wand of mindburst (47)
 D - a wand of roots (30)
 J - a wand of digging (3)
Scrolls
 f - 4 scrolls of blinking
 k - 20 scrolls of identify
 q - 16 scrolls of teleportation
 B - 2 scrolls of fear
 G - a scroll of amnesia
 R - 9 scrolls of fog
 S - 5 scrolls of magic mapping
Potions
 b - 3 potions of resistance
 d - 4 potions of might
 h - 22 potions of curing
 n - 4 potions of invisibility
 o - 8 potions of flight
 s - 3 potions of berserk rage
 v - 4 potions of cancellation
 M - 5 potions of haste
 X - a potion of heal wounds


   Skills:
 + Level 25.1 Fighting
 + Level 26.6 Axes
 + Level 9.7 Throwing
 + Level 22.0 Armour
 + Level 7.1 Dodging
 + Level 3.2 Stealth
 O Level 27 Shields
 + Level 6.5 Invocations
 + Level 0.1 Evocations


You had 22 spell levels left.
You didn't know any spells.
Your spell library contained the following spells:

 Spells                   Type           Power      Damage    Failure   Level
 Apportation              Tloc           0%         N/A       67%         1
 Beastly Appendage        Tmut           0%         N/A       67%         1
 Foxfire                  Conj/Fire      0%         2x1d2     67%         1
 Kiss of Death            Conj/Necr      0%         2d5       67%         1
 Necrotise                Necr           0%         1d4       67%         1
 Shock                    Conj/Air       0%         1d3       67%         1
 Sting                    Tmut/Pois      0%         1d3       67%         1
 Ensorcelled Hibernation  Hex/Ice        0%         N/A       82%         2
 Passwall                 Tmut/Erth      0%         N/A       82%         2
 Poisonous Vapours        Pois/Air       0%         N/A       82%         2
 Static Discharge         Conj/Air       0%         2-2/arc   82%         2
 Sublimation of Blood     Necr           0%         N/A       82%         2
 Wereblood                Tmut           0%         N/A       82%         2
 Confusing Touch          Hex            0%         N/A       96%         3
 Frozen Ramparts          Ice            0%         1d1       96%         3
 Gell's Gravitas          Tloc           0%         N/A       96%         3
 Ignite Poison            Fire/Tmut/Pois 0%         N/A       96%         3
 Inner Flame              Hex/Fire       0%         N/A       96%         3
 Ozocubu's Armour         Ice            0%         N/A       96%         3
 Spider Form              Tmut/Pois      0%         N/A       96%         3
 Stone Arrow              Conj/Erth      0%         3d7       96%         3
 Swiftness                Air            0%         N/A       96%         3
 Teleport Other           Tloc           0%         N/A       96%         3
 Vampiric Draining        Necr           0%         2d6       96%         3
 Vhi's Electric Charge    Tloc/Air       0%         N/A       96%         3
 Anguish                  Hex/Necr       0%         N/A       100%        4
 Cause Fear               Hex            0%         N/A       100%        4
 Dispel Undead            Necr           0%         3d6       100%        4
 Ice Form                 Ice/Tmut       0%         N/A       100%        4
 Leda's Liquefaction      Hex/Erth       0%         N/A       100%        4
 Olgreb's Toxic Radiance  Pois           0%         N/A       100%        4
 Passage of Golubria      Tloc           0%         N/A       100%        4
 Petrify                  Tmut/Erth      0%         N/A       100%        4
 Sticky Flame             Conj/Fire      0%         2d3       100%        4
 Agony                    Necr           0%         N/A       100%        5
 Arcjolt                  Conj/Air       0%         1d10      100%        5
 Blade Hands              Tmut           0%         N/A       100%        5
 Borgnjor's Vile Clutch   Necr/Erth      0%         N/A       100%        5
 Irradiate                Conj/Tmut      0%         3d11      100%        5
 Lee's Rapid Deconstruct  Erth           0%         3d4*      100%        5
 Metabolic Englaciation   Hex/Ice        0%         N/A       100%        5
 Plasma Beam              Fire/Air       0%         2x1d7     100%        5
 Silence                  Hex/Air        0%         N/A       100%        5
 Yara's Violent Unravell  Hex/Tmut       0%         3d3       100%        5
 Dispersal                Tloc           0%         N/A       100%        6
 Eringya's Noxious Bog    Tmut/Pois      0%         N/A       100%        6
 Iron Shot                Conj/Erth      0%         9d1       100%        6
 Statue Form              Tmut/Erth      0%         N/A       100%        6
 Dragon Form              Tmut           0%         N/A       100%        7
 Enfeeble                 Hex            0%         N/A       100%        7
 Discord                  Hex            0%         N/A       100%        8
 Ignition                 Fire           0%         3d3       100%        8
 Lehudib's Crystal Spear  Conj/Erth      0%         10d2      100%        8
 Necromutation            Tmut/Necr      0%         N/A       100%        8
 Summon Small Mammal      Summ           Unusable   N/A       N/A         1
 Animate Armour           Summ/Erth      Unusable   N/A       N/A         4
 Animate Dead             Necr           Unusable   N/A       N/A         4
 Summon Ice Beast         Ice/Summ       Unusable   N/A       N/A         4
 Summon Forest            Summ/Tloc      Unusable   N/A       N/A         5
 Summon Mana Viper        Hex/Summ       Unusable   N/A       N/A         5
 Death Channel            Necr           Unusable   N/A       N/A         6
 Simulacrum               Ice/Necr       Unusable   N/A       N/A         6
 Summon Hydra             Summ           Unusable   N/A       N/A         7

Dungeon Overview and Level Annotations

Branches:
Dungeon (15/15)            Temple (1/1) D:7            Lair (5/5) D:8
  Swamp (4/4) Lair:3        Snake (4/4) Lair:3        Slime (5/5) Lair:5
    Orc (2/2) D:10            Elf (0/3) Orc:2        Vaults (5/5) D:13
  Crypt (0/3) Vaults:3     Depths (4/4) D:15            Zot (1/5) Depths:4
Gauntlet (visited)

Altars:
Ashenzari
Cheibriados
Dithmenos
Elyvilon
Fedhas
Gozag
Hepliaklqana
Kikubaaqudgha
Makhleb
Nemelex Xobeh
Okawaru
Qazlal
Ru
Sif Muna
Trog
Uskayaw
Vehumet
Wu Jian
Xom
Yredelemnul
Zin
The Shining One
Jiyva
Lugonu

Shops:
D:2 =   D:4 *   D:13 [   D:15 *   Orc:1 [   Orc:2 =(*[=   Snake:2 [
Snake:3 *(   Snake:4 =::   Vaults:3 (   Vaults:4 [   Depths:1 [

Portals:
Hell: Depths:1 Depths:2 Depths:3 Depths:4
Abyss: Swamp:1 Depths:3
Pandemonium: Depths:2
Ziggurat: Depths:3


Innate Abilities, Weirdness & Mutations

You have a pair of horns on your head.
You reflexively headbutt those who attack you in melee.
You are clumsy. (Dex -2)
Armour fits poorly on your strangely shaped body.
You are very frail. (-20% HP)
Your magical capacity is very low. (-20% MP)
You occasionally shout uncontrollably at your foes.
You do not regenerate when monsters are visible.
Potions are less effective at restoring your health.
Your spells are a little easier to cast, but a little less powerful.


Message History

You hit the purple draconian shifter. You drain the purple draconian shifter.
The purple draconian shifter is almost dead.
You hit the purple draconian. You drain the purple draconian.
You slice the purple draconian shifter!!
You hit the quicksilver dragon but do no damage.
You drain the quicksilver dragon.
You hit the quicksilver dragon but do no damage.
You drain the quicksilver dragon.
You block the quicksilver dragon's attack. x2
You open the door. The quicksilver dragon bites you.
* * * LOW HITPOINT WARNING * * *
You block the quicksilver dragon's attack. x3
You block the purple draconian's attack.
The purple draconian shifter barely misses you.
You furiously retaliate!
You headbutt the purple draconian shifter.
The purple draconian shifter points at you and mumbles some strange words.
The Killer Klown blinks!
The quicksilver dragon breathes dispelling energy at you.
The bolt of dispelling energy hits you!
* * * LOW HITPOINT WARNING * * *
You slice the Killer Klown!! You headbutt the Killer Klown!
You kill the Killer Klown!
Okawaru accepts your kill.
You hit the quicksilver dragon.
You completely miss the purple draconian shifter.
You closely miss the purple draconian.
You completely miss the purple draconian shifter.
You slash the quicksilver dragon! You drain the quicksilver dragon.
The quicksilver dragon breathes dispelling energy at you.
The bolt of dispelling energy hits you but does no damage.
You hear a deafening roar!
You block the purple draconian's attack.
The purple draconian shifter casts a spell at you.
You resist with almost no effort.
The purple draconian shifter points at you and mumbles some strange words.
You resist with almost no effort.
The quicksilver dragon breathes dispelling energy at you.
The bolt of dispelling energy hits you!!!
You die...

*,,.....).(.......#,,,,,*,,,
*,,...............#,,,*,',*,
*,,...............#,,,,,*,,,
*,,...............#*,,,***,,
*,,...............#******,,,
*,,.............##### **,,,*
*,,.......dD...##...##*,,,**
******,,..>....qDq§.#....q#,,,,,*
,,,,,***##+#####@#..§.§.#,',*,*,'
~~~~,*,,>,,,,* #.##)#...,,*,,,,,*
***~,*,*****,* #.##.##..,***,,,**
*~,*,* *,* #...))##*** ******
*~,*,*****.########)#######,,,,
*~,+,,,,,,.......∩().......,***
*~,*******.################,,,,
*~,* *,* ***** *~,* *,*


You could see a purple draconian (drained), 2 draconians and 2 quicksilver
dragons.

Vanquished Creatures
  the Royal Jelly (Slime:5)
  A dread lich (Depths:1)
  An ancient lich (Vaults:5)
  A Killer Klown (Zot:1)
  Frederick (Depths:4)
  Vashnia (Snake:4)
  Bai Suzhen (Snake:4)
  Saint Roka (Depths:4)
  9 caustic shrikes
  3 golden dragons
  3 tentacled monstrosities
  2 walking earthen tomes (Depths:3)
  3 liches
  Rupert (Lair:5)
  A walking divine tome (Depths:3)
  A quicksilver dragon (Depths:3)
  A walking frostbound tome (Depths:3)
  4 titans (Vaults:5)
  An ancient champion (Depths:4)
  31 acid blobs
  2 thorn hunters (Swamp:3)
  4 sphinxes
  3 tengu reavers
  A draconian monk (Depths:4)
  The ghost of UltrafastDeath the Carver, an adept BaCj of Sif Muna (Snake:2)
  A sphinx (shapeshifter) (Gauntlet)
  5 storm dragons
  7 nagarajas
  9 rockslimes
  5 shadow dragons
  Donald (Vaults:4)
  6 azure jellies
  5 fire giants
  A deep elf sorcerer (Vaults:5)
  2 draconian knights (Zot:1)
  3 iron dragons
  16 vault wardens
  Louise (Snake:4)
  A draconian shifter (Depths:4)
  2 draconian scorchers (Zot:1)
  A caustic shrike zombie (Depths:1)
  12 frost giants
  13 ironbound preservers
  3 orc warlords
  A balrug (Depths:2)
  A caustic shrike skeleton (Depths:1)
  5 war gargoyles
  2 spriggan defenders (Depths:2)
  13 quicksilver oozes
  9 ironbound thunderhulks
  The ghost of julianmaster the Warrior, a journeyman HOHu of Gozag (Lair:5)
  10 stone giants
  6 vampire knights
  14 very ugly things
  A green draconian (Zot:1)
  A black draconian (Zot:1)
  7 eleionomae
  7 bunyips
  A minotaur (Gauntlet)
  A red draconian (Depths:4)
  4 purple draconians
  2 deep elf annihilators
  A yellow draconian (Depths:4)
  5 spark wasps
  10 ettins
  A crystal guardian (Vaults:3)
  A merfolk javelineer (Depths:3)
  13 fire dragons
  2 deep elf death magi (Vaults:5)
  2 jiangshi (Depths:1)
  A deep elf high priest (Vaults:5)
  Josephine (Lair:4)
  5 ice dragons
  11 yaktaur captains
  12 great orbs of eyes
  30 vault guards
  A merfolk avatar (Lair:5)
  6 salamander tyrants
  3 rakshasas (Depths:3)
  2 catoblepae
  19 hydras
  2 hell beasts (Depths:4)
  7 spriggan air magi
  12 centaur warriors
  4 ghost crabs
  2 peacekeepers (Vaults:3)
  The ghost of hackum the Skirmisher, a journeyman SpGl of Okawaru (Orc:1)
  8 anacondas
  5 ogre magi
  A death knight (D:15)
  7 two-headed ogres
  6 boulder beetles
  5 deep troll earth magi
  4 ironbound frosthearts
  5 alligators
  A dancing weapon (Vaults:3)
  4 tengu warriors
  11 naga warriors
  7 deep troll shamans
  A vampire mage (Depths:1)
  10 death yaks
  Urug (Lair:1)
  3 spriggan berserkers
  9 naga sharpshooters
  The ghost of Panino the Zephyrmancer, a novice DrAE of Vehumet (D:8)
  6 hell knights (Depths:3)
  6 shock serpents
  Sonja (Lair:1)
  3 orc high priests
  4 skysharks
  A shock serpent (shapeshifter) (Vaults:5)
  6 salamander mystics
  Amaemon (Lair:1)
  A spectral catoblepas (Lair:3)
  18 skeletal warriors
  5 spriggan druids
  7 goliath frogs
  7 iron trolls
  2 spectral death yaks (Lair:3)
  A glowing orange brain (shapeshifter) (Vaults:5)
  A swamp dragon (shapeshifter) (Depths:2)
  8 swamp dragons
  3 flayed ghosts (Depths:1)
  11 naga ritualists
  49 deep trolls
  6 bog bodies
  An obsidian statue (Snake:1)
  A tengu zombie (Depths:1)
  A quicksilver dragon simulacrum (Depths:4)
  19 ironbound convokers
  The ghost of AppleFox63 the Carver, a novice MiGl of Okawaru (D:7)
  3 glowing orange brains
  2 phantasmal warriors
  11 wizards
  2 deep elf pyromancers
  4 orc sorcerers
  17 lindwurms
  A steelbarb worm (shapeshifter) (Gauntlet)
  12 orc knights
  15 mana vipers
  A cyclops (shapeshifter) (Vaults:4)
  A tengu skeleton (Vaults:3)
  A frost giant zombie (Depths:1)
  26 ugly things
  3 manticores
  A manticore (shapeshifter) (Depths:3)
  4 will-o-the-wisps
  12 salamanders
  A shining eye (shapeshifter) (Gauntlet)
  5 shining eyes
  A stone giant zombie (Depths:1)
  An oklob plant (Gauntlet)
  A frost giant skeleton (Vaults:3)
  18 vault sentinels
  A stone giant skeleton (Vaults:3)
  8 cyclopes
  4 guardian serpents
  A moth of wrath (Zot:1)
  55 black mambas
  A rust devil (Depths:2)
  17 naga magi
  2 guardian serpents (shapeshifter)
  12 elephants
  7 cane toads
  3 eyes of devastation
  Maggie (D:6)
  The ghost of emiel the Poker, a novice FoFi (D:5)
  3 orange demons
  Psyche (D:12)
  2 unseen horror zombies (D:9)
  A cane toad (shapeshifter) (Gauntlet)
  5 tengu conjurers
  7 komodo dragons
  3 kobold demonologists
  8 rime drakes
  A spectral skyshark (Lair:3)
  20 yaktaurs
  4 freezing wraiths
  3 polar bears (Lair:5)
  4 human skeletons (Vaults:3)
  A troll (shapeshifter) (Vaults:5)
  5 trolls
  A wolf spider simulacrum (D:15)
  3 wind drakes (Lair:5)
  A red devil (Depths:2)
  A spectral elephant (Lair:3)
  18 hornets
  A spectral dream sheep (Lair:3)
  26 blink frogs
  7 tyrant leeches
  10 dream sheep
  A slime creature (shapeshifter) (Depths:3)
  Sigmund (D:3)
  4 water elementals (Depths:3)
  2 centaur simulacra
  2 vampires (D:12)
  5 shadows
  7 wyverns
  20 spriggans
  149 slime creatures
  8 wraiths
  An elf skeleton (Vaults:3)
  A culicivora (Vaults:5)
  3 fire bats (Lair:3)
  32 yaks
  2 ynoxinuls (Depths:2)
  2 golden eyes (Slime:5)
  2 redbacks (Vaults:5)
  Eustachio (D:6)
  4 basilisks
  A chaos spawn (Depths:2)
  17 vampire mosquitoes
  4 steam dragons
  A warg (Depths:4)
  4 acid dragons
  14 swamp worms
  16 water moccasins
  38 nagas
  2 floating eyes
  A glowing shapeshifter skeleton (Vaults:3)
  A floating eye (shapeshifter) (Depths:4)
  48 orc warriors
  A sky beast (shapeshifter) (Vaults:5)
  7 swamp drakes
  A black bear (D:7)
  18 ogres
  3 ice beasts
  A tengu (shapeshifter) (Vaults:5)
  A boggart (Lair:5)
  18 wolves
  17 centaurs
  13 kobold brigands
  A wyvern zombie (D:9)
  7 bullfrogs
  2 gnoll sergeants
  3 scorpions
  18 wights
  A killer bee (D:7)
  An electric eel (D:8)
  5 howler monkeys
  3 centaur zombies (D:9)
  4 jellies
  6 hounds
  A gnoll bouda (Lair:2)
  20 orc priests
  A sleepcap (D:5)
  Ijyb (D:3)
  32 orc wizards
  5 hell rats (Lair:2)
  Robin (D:2)
  12 gnolls
  9 adders
  A shadow imp (D:7)
  A worm (D:5)
  5 dart slugs
  105 orcs
  5 bats
  5 endoplasms
  4 giant cockroaches
  13 goblins
  11 hobgoblins
  11 jackals
  5 quokkas
  7 ball pythons
  5 frilled lizards
  32 kobolds
  7 rats
  A fire vortex (Depths:1)
1889 creatures vanquished.

Vanquished Creatures (others)
  A vampire knight (Depths:2)
  An alligator (Swamp:2)
  A will-o-the-wisp (Swamp:3)
  A black mamba (Snake:1)
  A salamander (Snake:4)
  A bloated husk (Swamp:3)
  A boggart (D:13)
  An orc priest (Orc:2)
  An endoplasm (D:3)
  8 foxfires
  17 fungi
  2 lurking horrors (Swamp:1)
  105 plants
  6 withered plants (D:9)
147 creatures vanquished.

Grand Total: 2036 creatures vanquished

Notes
Turn   | Place    | Note
-------+----------+-------------------------------------------
     0 | D:1      | funkygono the Minotaur Fighter began the quest for the Orb.
     0 | D:1      | Reached XP level 1. HP: 19/19 MP: 0/0
    82 | D:1      | Reached XP level 2. HP: 27/27 MP: 1/1
   462 | D:1      | Reached XP level 3. HP: 33/33 MP: 2/2
   844 | D:2      | Reached XP level 4. HP: 40/40 MP: 3/3
   869 | D:2      | Reached skill level 5 in Armour
  1068 | D:2      | Found Ofiotw Baone's Jewellery Emporium.
  1102 | D:2      | Noticed Robin
  1134 | D:2      | Killed Robin
  1289 | D:3      | Noticed Sigmund
  1313 | D:3      | Killed Sigmund
  1314 | D:3      | Reached skill level 5 in Axes
  1314 | D:3      | Reached skill level 4 in Shields
  1314 | D:3      | Reached XP level 5. HP: 26/46 MP: 4/4
  1314 | D:3      | Reached XP level 6. HP: 29/52 MP: 5/5
  1542 | D:3      | Noticed Ijyb
  1548 | D:3      | Killed Ijyb
  1581 | D:3      | Found a shadowy altar of Dithmenos.
  2161 | D:4      | Found Esagh's General Store.
  2246 | D:4      | Reached XP level 7. HP: 57/60 MP: 6/6
  2806 | D:5      | Entered Level 5 of the Dungeon
  2821 | D:5      | Identified the +1 quarterstaff of the Summoning Spider
                  | {protect, *Noise rElec rPois Int+6}
  2833 | D:5      | Reached skill level 5 in Shields
  2855 | D:4      | HP: 2/60 [something (8)]
  3068 | D:5      | Found a runed translucent door.
  3070 | D:5      | Noticed emiel's ghost (novice FoFi)
  3119 | D:5      | Killed emiel's ghost
  3120 | D:5      | Reached skill level 5 in Fighting
  3120 | D:5      | Reached skill level 1 in Dodging
  3120 | D:5      | Reached XP level 8. HP: 46/68 MP: 7/7
  3125 | D:5      | Found a runed translucent door.
  3413 | D:5      | Found a broken altar of Ashenzari.
  4274 | D:6      | Noticed Maggie
  4275 | D:6      | Noticed Eustachio
  4285 | D:6      | Killed Maggie
  4286 | D:6      | Reached XP level 9. HP: 55/75 MP: 8/8
  4293 | D:6      | Killed Eustachio
  4419 | D:6      | Reached skill level 10 in Axes
  4824 | D:7      | Reached skill level 6 in Shields
  5061 | D:7      | Found a runed translucent door.
  5066 | D:7      | Noticed AppleFox63's ghost (novice MiGl)
  5148 | D:7      | Reached skill level 10 in Armour
  5324 | D:7      | Found a staircase to the Ecumenical Temple.
  5335 | Temple   | Entered the Ecumenical Temple
  5345 | Temple   | Became a worshipper of Warmaster Okawaru
  5539 | D:7      | Found an ancient bone altar of Kikubaaqudgha.
  5549 | D:7      | Reached XP level 10. HP: 88/88 MP: 9/9
  5593 | D:7      | You fall into a shaft and drop 3 floors!
  5593 | D:10     | Entered Level 10 of the Dungeon
  5621 | D:8      | Found a runed translucent gate.
  5621 | D:8      | Found a runed translucent gate.
  5621 | D:8      | Found a runed translucent gate.
  5621 | D:8      | Noticed Panino's ghost (novice DrAE)
  5703 | D:8      | Found a hazy altar of Hepliaklqana.
  5827 | D:8      | Found a staircase to the Lair.
  6080 | D:7      | Found a sparkling altar of Nemelex Xobeh.
  6081 | D:7      | Found a stormy altar of Qazlal.
  6086 | D:7      | Found a basalt altar of Yredelemnul.
  6088 | D:7      | Found an ornate altar of the Wu Jian Council.
  6088 | D:7      | Found a blossoming altar of Fedhas.
  6089 | D:7      | Found a white marble altar of Elyvilon.
  6090 | D:7      | Found a glowing golden altar of the Shining One.
  6091 | D:7      | Found a radiant altar of Vehumet.
  6092 | D:7      | Found a snail-covered altar of Cheibriados.
  6094 | D:7      | Found a hide-covered altar of Uskayaw.
  6277 | D:7      | Killed AppleFox63's ghost
  6358 | D:8      | Reached skill level 1 in Stealth
  6420 | D:8      | Got the Anthology of Destruction and Reconstruction
  6451 | D:8      | Reached * piety under Okawaru
  6452 | D:8      | Reached skill level 7 in Shields
  6946 | D:8      | Reached ** piety under Okawaru
  7275 | D:8      | Killed Panino's ghost
  7636 | D:9      | Reached *** piety under Okawaru
  7654 | D:9      | Reached XP level 11. HP: 80/97 MP: 10/10
  7674 | D:9      | Paralysed by a hornet for 1 turns
  7812 | D:9      | Noticed a two-headed ogre
  7819 | D:9      | Killed a two-headed ogre
  8338 | D:10     | Found a staircase to the Orcish Mines.
  9071 | Lair:1   | Entered Level 1 of the Lair of Beasts
  9109 | Lair:1   | Reached **** piety under Okawaru
  9110 | Lair:1   | Received a gift from Okawaru
  9111 | Lair:1   | Reached skill level 15 in Axes
  9285 | Lair:1   | Noticed Urug
  9301 | Lair:1   | Killed Urug
  9305 | Lair:1   | Reached skill level 10 in Fighting
  9517 | Lair:1   | Noticed Amaemon
  9529 | Lair:1   | Killed Amaemon
  9530 | Lair:1   | Reached skill level 8 in Shields
  9530 | Lair:1   | Reached skill level 1 in Invocations
  9688 | Lair:1   | Noticed Sonja
  9695 | Lair:1   | Killed Sonja
  9703 | Lair:1   | Reached XP level 12. HP: 106/107 MP: 11/11
 10421 | Lair:2   | Noticed a death yak
 10421 | Lair:2   | Noticed a death yak
 10422 | Lair:2   | Noticed a death yak
 10422 | Lair:2   | Noticed a death yak
 10433 | Lair:2   | Noticed a death yak
 10439 | Lair:2   | Killed a death yak
 10450 | Lair:2   | Killed a death yak
 10455 | Lair:2   | Killed a death yak
 10455 | Lair:2   | Reached ***** piety under Okawaru
 10457 | Lair:2   | Killed a death yak
 10467 | Lair:2   | Killed a death yak
 10877 | Lair:2   | Found a white marble altar of Elyvilon.
 11058 | Lair:2   | Reached skill level 1 in Throwing
 11274 | Lair:2   | Noticed a boulder beetle
 11310 | Lair:2   | Killed a boulder beetle
 11618 | Lair:2   | Upgraded the game from 0.30-a0-953-g5f1da4a474 to
                  | 0.30-a0-956-gcec3b41aec
 11755 | Lair:3   | Reached skill level 15 in Armour
 11810 | Lair:3   | Noticed a seven-headed hydra
 11832 | Lair:3   | HP: 1/110 [20-headed hydra (10)]
 11833 | Lair:3   | Killed a 19-headed hydra
 11834 | Lair:3   | Reached skill level 9 in Shields
 12122 | Lair:3   | Found a staircase to the Snake Pit.
 12172 | Lair:3   | Noticed a catoblepas
 12216 | Lair:3   | Killed a catoblepas
 12296 | Lair:3   | Reached XP level 13. HP: 91/117 MP: 13/13
 12498 | Lair:3   | Reached skill level 10 in Shields
 12607 | Lair:3   | Received a gift from Okawaru
 12673 | Lair:3   | Received a gift from Okawaru
 12943 | Lair:3   | Found a staircase to the Swamp.
 13389 | D:4      | Bought a scroll of identify for 20 gold pieces
 13833 | Lair:4   | Noticed Josephine
 13847 | Lair:4   | Killed Josephine
 14624 | Lair:5   | Entered Level 5 of the Lair of Beasts
 14642 | Lair:5   | Noticed Rupert
 14650 | Lair:5   | Reached ****** piety under Okawaru
 14663 | Lair:5   | Killed Rupert
 14665 | Lair:5   | Received a gift from Okawaru
 14670 | Lair:5   | Reached skill level 11 in Shields
 14670 | Lair:5   | Reached XP level 14. HP: 129/129 MP: 15/15
 14727 | Lair:5   | Found a staircase to the Slime Pits.
 14763 | Lair:5   | Found a gate leading to a gauntlet.
 14769 | Gauntlet | Entered a Gauntlet
 14769 | Gauntlet | Found a large runed translucent door.
 14769 | Gauntlet | Found a large runed translucent door.
 14769 | Gauntlet | Found a large runed translucent door.
 14769 | Gauntlet | Found a large runed translucent door.
 14769 | Gauntlet | Found a large runed translucent door.
 14769 | Gauntlet | Found a large runed translucent door.
 14769 | Gauntlet | Found a transporter.
 14769 | Gauntlet | Found a large runed translucent door.
 14769 | Gauntlet | Found a large runed translucent door.
 14769 | Gauntlet | Found a runed translucent door.
 14769 | Gauntlet | Found a runed translucent gate.
 14769 | Gauntlet | Found a runed translucent gate.
 14769 | Gauntlet | Found a transporter.
 14769 | Gauntlet | Found a transporter.
 14834 | Gauntlet | Found a transporter.
 14834 | Gauntlet | Found a transporter.
 14838 | Gauntlet | Found a runed translucent door.
 14838 | Gauntlet | Found a runed translucent door.
 14842 | Gauntlet | Found a transporter.
 14845 | Gauntlet | Found a transporter.
 14854 | Gauntlet | Found a transporter.
 14873 | Gauntlet | Found a transporter.
 14902 | Gauntlet | Found a transporter.
 14905 | Gauntlet | Found a transporter.
 14916 | Gauntlet | Found a transporter.
 14930 | Gauntlet | Found a runed translucent gate.
 14932 | Gauntlet | Found a large runed translucent door.
 14933 | Gauntlet | Found a large runed translucent door.
 14934 | Gauntlet | Found a large runed translucent door.
 14936 | Gauntlet | Found a large runed translucent door.
 14939 | Gauntlet | Found a runed translucent door.
 14951 | Gauntlet | Found a large runed translucent door.
 14951 | Gauntlet | Found a large runed translucent door.
 14952 | Gauntlet | Found a large runed translucent door.
 14953 | Gauntlet | Found a large runed translucent door.
 15090 | Gauntlet | an alligator snapping turtle changed into a quicksilver
                  | dragon
 15090 | Gauntlet | Noticed a quicksilver dragon (glowing shapeshifter)
 15091 | Gauntlet | a quicksilver dragon changed into an alligator snapping
                  | turtle
 15125 | Gauntlet | an iron troll changed into a frost giant
 15125 | Gauntlet | Noticed a frost giant (glowing shapeshifter)
 15127 | Gauntlet | a frost giant changed into an azure jelly
 15127 | Gauntlet | Noticed an azure jelly (glowing shapeshifter)
 15141 | Gauntlet | an azure jelly changed into a dire elephant
 15145 | Gauntlet | a dire elephant changed into a fenstrider witch
 15145 | Gauntlet | Noticed a fenstrider witch (glowing shapeshifter)
 15147 | Gauntlet | a fenstrider witch changed into a fire giant
 15147 | Gauntlet | Noticed a fire giant (glowing shapeshifter)
 15152 | Gauntlet | a fire giant changed into a stone giant
 15152 | Gauntlet | Noticed a stone giant (glowing shapeshifter)
 15463 | Gauntlet | Noticed a fenstrider witch
 15466 | Gauntlet | a fenstrider witch changed into a quicksilver dragon
 15466 | Gauntlet | Noticed a quicksilver dragon (glowing shapeshifter)
 15470 | Gauntlet | a quicksilver dragon changed into a frost giant
 15470 | Gauntlet | Noticed a frost giant (glowing shapeshifter)
 15476 | Gauntlet | a frost giant changed into an eleionoma
 15478 | Gauntlet | an eleionoma changed into a sphinx
 15478 | Gauntlet | Noticed a sphinx (glowing shapeshifter)
 15478 | Gauntlet | Gained mutation: Armour fits poorly on your strangely
                  | shaped body. [a shining eye]
 15481 | Gauntlet | a sphinx changed into an iron giant
 15481 | Gauntlet | Noticed an iron giant (glowing shapeshifter)
 15482 | Gauntlet | an iron giant changed into an acid blob
 15482 | Gauntlet | Noticed an acid blob (glowing shapeshifter)
 15483 | Gauntlet | an acid blob changed into a caustic shrike
 15483 | Gauntlet | Noticed a caustic shrike (glowing shapeshifter)
 15487 | Gauntlet | a caustic shrike changed into a shadow dragon
 15487 | Gauntlet | Noticed a shadow dragon (glowing shapeshifter)
 15496 | Gauntlet | a shadow dragon changed into a frost giant
 15496 | Gauntlet | Noticed a frost giant (glowing shapeshifter)
 15498 | Gauntlet | a frost giant changed into a stone giant
 15498 | Gauntlet | Noticed a stone giant (glowing shapeshifter)
 15500 | Gauntlet | a stone giant changed into an alligator snapping turtle
 15501 | Gauntlet | an alligator snapping turtle changed into a fire giant
 15501 | Gauntlet | Noticed a fire giant (glowing shapeshifter)
 15507 | Gauntlet | a fire giant changed into a sphinx
 15507 | Gauntlet | Noticed a sphinx (glowing shapeshifter)
 15513 | Gauntlet | Killed a sphinx
 15790 | Gauntlet | Identified the +1 great mace of Wu Jian's Anger {flame,
                  | Str+2}
 15796 | Gauntlet | Identified the amulet "Vuchuf" {Regen+ MP+9}
 15934 | Gauntlet | Identified the staff of earth "Futwakin" {Will++ Dex+5
                  | Stlth-}
 16317 | Lair:5   | Found a runed translucent door.
 16320 | Lair:5   | Identified the +6 trident "Tyanwiog" {flame, rF+ rCorr
                  | Stlth+}
 16320 | Lair:5   | Noticed julianmaster's ghost (journeyman HOHu)
 16657 | Lair:5   | Received a gift from Okawaru
 16869 | Lair:5   | Found a viscous altar of Jiyva.
 16880 | Lair:5   | Identified the +2 robe of the Oily Hot Ocelot {rPois rN+
                  | Stlth+ Archmagi}
 17166 | Lair:5   | Reached skill level 15 in Fighting
 17166 | Lair:5   | Reached XP level 15. HP: 141/141 MP: 17/17
 17445 | Orc:1    | Entered Level 1 of the Orcish Mines
 17638 | Orc:1    | Noticed hackum's ghost (journeyman SpGl)
 17753 | Orc:1    | Found a runed translucent gate.
 17753 | Orc:1    | Found a runed translucent gate.
 17753 | Orc:1    | Found a runed translucent gate.
 17855 | Orc:1    | Found Quegro's Antique Armour Shop.
 18133 | Orc:1    | Killed hackum's ghost
 18210 | Orc:2    | Entered Level 2 of the Orcish Mines
 18330 | Orc:1    | Reached skill level 12 in Shields
 18387 | Orc:2    | Paralysed by an orc sorcerer for 4 turns
 18760 | Orc:2    | Received a gift from Okawaru
 19001 | Orc:2    | Found Rogikupeew's Jewellery Boutique.
 19193 | Orc:2    | Found Doam's General Store.
 19194 | Orc:2    | Found Uskoplotry's Jewellery Boutique.
 19196 | Orc:2    | Found Betetab's Antique Armour Shop.
 19196 | Orc:2    | Found Caykk's Antique Weapon Shop.
 19372 | Orc:2    | Found a staircase to the Elven Halls.
 19413 | Orc:1    | Bought a bloodstained plate armour for 924 gold pieces
 19413 | Orc:1    | Identified the +7 plate armour "Zim Nisid" {+Inv rElec
                  | rPois rC+} (You bought it in a shop on level 1 of the
                  | Orcish Mines)
 19528 | Orc:2    | Bought the ring of Jealousy {+Blink rF+ Str+6 Int+3} for
                  | 886 gold pieces
 19656 | D:11     | Reached XP level 16. HP: 150/150 MP: 18/18
 19913 | D:11     | Found a bloodstained altar of Trog.
 20140 | D:11     | Reached skill level 5 in Invocations
 20475 | D:12     | Noticed Psyche
 20483 | D:12     | Killed Psyche
 20483 | D:12     | Received a gift from Okawaru
 21153 | Orc:2    | Bought an encrusted buckler for 256 gold pieces
 21153 | Orc:2    | Identified the +0 buckler "Furah" {rPois Str+3 Slay-2} (You
                  | bought it in a shop on level 2 of the Orcish Mines)
 21448 | Lair:5   | Killed julianmaster's ghost
 21475 | Lair:5   | Identified the +0 hat of the Cricket {rElec Will+++ SInv}
 21820 | D:13     | Found a snail-covered altar of Cheibriados.
 21822 | D:13     | Found Cheibriados's Comfort Zone.
 22373 | D:13     | Reached skill level 13 in Shields
 22861 | D:13     | Found a gate to the Vaults.
 24108 | D:15     | Entered Level 15 of the Dungeon
 24414 | D:15     | Received a gift from Okawaru
 24415 | D:15     | Reached skill level 5 in Dodging
 24656 | D:15     | Found Nygix's Assorted Antiques.
 24665 | D:15     | Bought a potion of heal wounds for 180 gold pieces
 24829 | D:15     | Found a staircase to the Depths.
 25487 | Snake:1  | Entered Level 1 of the Snake Pit
 25539 | Snake:1  | Reached skill level 14 in Shields
 25543 | Lair:3   | Received a gift from Okawaru
 25727 | Lair:3   | Received a gift from Okawaru
 26018 | Snake:1  | Reached XP level 17. HP: 157/159 MP: 20/20
 26020 | Snake:1  | Identified the +1 hat "Ratom" {rPois Regen+ Int-5} (Okawaru
                  | gifted it to you on level 1 of the Snake Pit)
 26020 | Snake:1  | Received a gift from Okawaru
 26266 | Snake:1  | Reached skill level 15 in Shields
 26333 | Snake:1  | Found a gateway to a bazaar.
 27199 | Bazaar   | Entered a bazaar
 27199 | Bazaar   | Found Riaro's General Store.
 27202 | Bazaar   | Found Saleth's Weapon Shop.
 27220 | Bazaar   | Found Dishropeph's General Store.
 27224 | Bazaar   | Found Besao's Jewellery Boutique.
 27233 | Bazaar   | Found Xaho's Antique Armour Boutique.
 27302 | Bazaar   | Bought a pair of distressingly furry gloves for 228 gold
                  | pieces
 27302 | Bazaar   | Identified the +3 pair of gloves of Poscha {rPois SInv}
                  | (You bought it in a shop in a bazaar)
 27457 | Snake:2  | Found a runed translucent door.
 27459 | Snake:2  | Noticed UltrafastDeath's ghost (adept BaCj)
 27497 | Snake:2  | Found Efew's Armour Emporium.
 28198 | Snake:2  | Killed UltrafastDeath's ghost
 28219 | Snake:2  | Reached skill level 16 in Shields
 28630 | Snake:3  | Identified the +5 tower shield of the Gate {-Cast rPois rF+
                  | Regen+} (Okawaru gifted it to you on level 3 of the Snake
                  | Pit)
 28630 | Snake:3  | Received a gift from Okawaru
 28728 | Snake:3  | Found Gayn's Antique Weapon Boutique.
 28728 | Snake:3  | Found Ymomey's Assorted Antiques.
 29309 | Snake:4  | Entered Level 4 of the Snake Pit
 29511 | Snake:4  | Noticed Bai Suzhen
 29534 | Snake:4  | Killed Bai Suzhen
 29811 | Snake:4  | Reached skill level 17 in Shields
 29833 | Snake:4  | Reached XP level 18. HP: 163/174 MP: 21/21
 29992 | Snake:4  | Noticed Vashnia
 30088 | Snake:4  | Killed Vashnia
 30151 | Snake:4  | Found Ycvuttuh's Jewellery Emporium.
 30151 | Snake:4  | Found Widog's Book Boutique.
 30163 | Snake:4  | Found Mimytitte's Book Boutique.
 30244 | Snake:4  | Noticed Louise
 30278 | Snake:4  | Killed Louise
 30288 | Snake:4  | Reached skill level 18 in Shields
 30538 | Snake:4  | Got a serpentine rune of Zot
 31088 | Swamp:1  | Entered Level 1 of the Swamp
 31128 | Swamp:1  | Received a gift from Okawaru
 31460 | Swamp:1  | Found a corrupted altar of Lugonu.
 31462 | Swamp:1  | Found a one-way gate to the infinite horrors of the Abyss.
 31664 | Swamp:1  | Identified the +0 ring mail of Beastly Life {rElec rN+
                  | MP+9} (Okawaru gifted it to you on level 1 of the Swamp)
 31664 | Swamp:1  | Received a gift from Okawaru
 32186 | Swamp:2  | Identified the +0 shortbow of Disharmony {flame, rCorr
                  | MP+9}
 32559 | Swamp:3  | Reached skill level 19 in Shields
 33093 | Swamp:4  | Entered Level 4 of the Swamp
 33220 | Swamp:4  | Noticed a tentacled monstrosity
 33250 | Swamp:3  | Killed a tentacled monstrosity
 33534 | Swamp:3  | Reached XP level 19. HP: 185/185 MP: 22/22
 33593 | Swamp:3  | Received a gift from Okawaru
 33639 | Swamp:4  | Reached skill level 20 in Shields
 33924 | Swamp:4  | Got a decaying rune of Zot
 34366 | Vaults:1 | Entered Level 1 of the Vaults
 34824 | Vaults:1 | Received a gift from Okawaru
 35311 | Vaults:2 | Identified the ring of Zafyqedo {MP+9 Dex+2 SInv}
 35435 | Vaults:2 | Reached skill level 21 in Shields
 35873 | Vaults:2 | Found the +8 longbow "Zephyr" {speed, Dex+3 SInv}
 36643 | Vaults:3 | Received a gift from Okawaru
 37015 | Vaults:3 | Reached XP level 20. HP: 189/198 MP: 23/23
 37022 | Vaults:3 | Found Orheckyo's Weapon Shoppe.
 37092 | Vaults:3 | Received a gift from Okawaru
 37314 | Vaults:3 | Found a staircase to the Crypt.
 37359 | Vaults:3 | Reached skill level 22 in Shields
 38215 | Vaults:4 | Found Oskuwkeusi's Armour Emporium.
 38419 | Vaults:4 | Reached skill level 5 in Throwing
 38533 | Vaults:4 | Noticed Donald
 38544 | Vaults:4 | Killed Donald
 38544 | Vaults:4 | Received a gift from Okawaru
 39290 | Vaults:5 | Entered Level 5 of the Vaults
 39535 | Depths:1 | Entered Level 1 of the Depths
 39569 | Depths:1 | Found Yhixec's Antique Armour Shop.
 40142 | Depths:1 | Found a gateway to Hell.
 40255 | Depths:1 | Noticed a dread lich
 40281 | Depths:1 | Killed a dread lich
 40305 | Depths:1 | HP: 4/162 [shadow dragon/bolt of negative energy (25)]
 40345 | Depths:1 | Reached skill level 23 in Shields
 40541 | Depths:1 | Got Diolee's Codex of Darkness
 40545 | Depths:1 | Identified the +0 chain mail of Death's Door {Will+}
 40613 | Depths:1 | Found a glowing golden altar of the Shining One.
 40649 | Depths:1 | Reached XP level 21. HP: 172/185 MP: 24/24
 41192 | Depths:2 | Received a gift from Okawaru
 41192 | Depths:2 | Found the +1 Delatra's gloves {ID++}
 41435 | Depths:2 | Identified the amulet of Maefafow {Acrobat rPois MP+9
                  | Str+3}
 41525 | Depths:2 | Noticed a caustic shrike
 41534 | Depths:2 | Killed a caustic shrike
 41535 | Depths:2 | Reached skill level 24 in Shields
 41567 | Depths:2 | Identified the +0 crystal plate armour of Ennui {rF+ rC+
                  | rCorr Str+3}
 41732 | Depths:2 | Found a one-way gate leading to the halls of Pandemonium.
 41811 | Depths:2 | Identified the +8 glaive of Wyrd {speed, rC++ Will-}
 42545 | Depths:3 | Noticed a caustic shrike
 42545 | Depths:3 | Noticed a caustic shrike
 42545 | Depths:3 | Noticed a caustic shrike
 42545 | Depths:3 | Noticed a caustic shrike
 42560 | Depths:3 | Killed a caustic shrike
 42584 | Depths:3 | Killed a caustic shrike
 42586 | Depths:3 | Killed a caustic shrike
 42592 | Depths:3 | Killed a caustic shrike
 42863 | Depths:3 | Identified the +9 short sword of Gaderiu {antimagic, rC-
                  | Int-4 Dex+5 SInv} (Okawaru gifted it to you on level 3 of
                  | the Depths)
 42863 | Depths:3 | Received a gift from Okawaru
 43024 | Depths:3 | Paralysed by a floating eye for 4 turns
 43531 | Depths:3 | Reached XP level 22. HP: 220/220 MP: 25/25
 43562 | Depths:3 | Found a one-way gateway to a ziggurat.
 43591 | Depths:3 | Noticed a caustic shrike
 43591 | Depths:3 | Noticed a caustic shrike
 43602 | Depths:3 | Killed a caustic shrike
 43602 | Depths:3 | Received a gift from Okawaru
 43603 | Depths:3 | Reached skill level 25 in Shields
 43668 | Depths:3 | Noticed a caustic shrike
 43675 | Depths:3 | Killed a caustic shrike
 43748 | Depths:3 | Noticed a caustic shrike
 43753 | Depths:3 | Killed a caustic shrike
 43753 | Depths:3 | Received a gift from Okawaru
 43760 | Depths:3 | Killed a caustic shrike
 43941 | Depths:3 | You fall into a shaft and drop 1 floor!
 43941 | Depths:4 | Entered Level 4 of the Depths
 44140 | Depths:4 | Noticed Saint Roka
 44166 | Depths:4 | Killed Saint Roka
 44252 | Depths:4 | Received a gift from Okawaru
 44568 | Depths:4 | Noticed a golden dragon
 44577 | Depths:4 | Killed a golden dragon
 44637 | Depths:4 | Identified the +6 fire dragon scales "Reezxav" {rF++ rC-
                  | Int+4 Dex+4} (Okawaru gifted it to you on level 4 of the
                  | Depths)
 44637 | Depths:4 | Received a gift from Okawaru
 44659 | Depths:4 | Found a gate to the Realm of Zot.
 44659 | Depths:4 | Noticed a golden dragon
 44663 | Depths:4 | Killed a golden dragon
 44724 | Depths:4 | Noticed Frederick
 44736 | Depths:4 | Killed Frederick
 44805 | Depths:4 | Found a shimmering altar of Xom.
 45752 | Vaults:5 | Identified the ring "Rade" {Fly rCorr Dex+3}
 45900 | Vaults:5 | Reached skill level 26 in Shields
 45967 | Vaults:5 | Found the +10 Black Knight's barding {ponderous, rPois rN+}
 45973 | Vaults:5 | Identified the ring of the Crown {rElec Str+6 Dex+4}
 45980 | Vaults:5 | Identified the +8 halberd of Yeast {drain, rElec rPois
                  | Str-5}
 45984 | Vaults:5 | Got the Compilation of Congregated Oxidation
 45999 | Vaults:5 | Identified the +4 trident of Paklukk {flame, Will+ Dex+8}
 46128 | Vaults:5 | Noticed an ancient lich
 46145 | Vaults:5 | Killed an ancient lich
 46185 | Vaults:5 | Identified the staff of air "Loafuli" {rElec rCorr Dex+3}
 46188 | Vaults:5 | Got a silver rune of Zot
 46234 | Vaults:5 | Identified the +0 robe "Juolaxze" {Str-3 Int+2 Slay+3}
 46292 | Vaults:5 | Identified the +3 short sword "Giant's Toothpick" {freeze,
                  | rElec} (Okawaru gifted it to you on level 5 of the Vaults)
 46292 | Vaults:5 | Received a gift from Okawaru
 46521 | Vaults:5 | Noticed a golden dragon
 46529 | Vaults:5 | Killed a golden dragon
 46554 | Vaults:5 | Reached XP level 23. HP: 229/229 MP: 26/26
 46947 | Vaults:5 | Identified the +3 spear "Noso" {holy, rPois Str-2 Int+4}
 46948 | Vaults:5 | Identified the +2 broad axe "Sareusib" {heavy, rF+ rC+
                  | SInv}
 46992 | Vaults:5 | Got the Omnibus of Misfortune and the Impact
 47039 | Vaults:5 | Identified the ring "Cytogigyli" {Ice Int+2}
 47147 | Vaults:5 | Identified the ring "Momaid" {Ice Will+ Dex+3}
 47157 | Vaults:5 | Identified the amulet "Naif" {Faith rElec rF+ Will+ Dex+2}
 47269 | Vaults:5 | Received a gift from Okawaru
 47994 | Slime:1  | Entered Level 1 of the Pits of Slime
 48485 | Slime:2  | Gained mutation: You occasionally shout uncontrollably at
                  | your foes. [a shining eye]
 48488 | Slime:2  | Gained mutation: You are frail. (-10% HP) [a shining eye]
 48861 | Slime:3  | Gained mutation: Your magical capacity is low. (-10% MP) [a
                  | shining eye]
 48874 | Slime:3  | Gained mutation: You have hidden genetic defects. [a
                  | shining eye]
 48878 | Slime:2  | Gained mutation: You do not regenerate when monsters are
                  | visible. [a shining eye]
 48880 | Slime:2  | Gained mutation: You are clumsy. (Dex -2) [a shining eye]
 50469 | Slime:5  | Entered Level 5 of the Pits of Slime
 50481 | Slime:5  | Gained mutation: Your spells are a little easier to cast,
                  | but a little less powerful. [a shining eye]
 50520 | Slime:4  | Reached skill level 27 in Shields
 50582 | Slime:5  | Gained mutation: You are very frail. (-20% HP) [hidden
                  | defects]
 50626 | Slime:5  | Received a gift from Okawaru
 50816 | Slime:5  | Noticed the Royal Jelly
 50852 | Slime:4  | Gained mutation: Potions are less effective at restoring
                  | your health. [a shining eye]
 51040 | Slime:5  | Killed the Royal Jelly
 51424 | Slime:5  | Identified the ring "Emearun" {rF+ Str+3 Dex+5 SInv}
 51434 | Slime:5  | Identified the +6 hand axe of Pandemonium {flame, rF+}
 51465 | Slime:5  | Got a slimy rune of Zot
 51516 | Slime:5  | Identified the +8 falchion of Geduecio {freeze, rC+}
 51523 | Slime:5  | Identified the +6 spear "Xijot" {freeze, Str+2}
 51531 | Slime:5  | Identified the ring of Ynir {Ice Int+2}
 52365 | Zot:1    | Entered Level 1 of the Realm of Zot
 52402 | Zot:1    | Noticed a Killer Klown
 52419 | Zot:1    | Received a gift from Okawaru
 52435 | Zot:1    | Gained mutation: Your magical capacity is very low. (-20%
                  | MP) [hidden defects]
 52435 | Zot:1    | Lost mutation: You have hidden genetic defects. [hidden
                  | defects expressed]
 52439 | Zot:1    | Killed a Killer Klown
 52440 | Zot:1    | Killed from afar by a quicksilver dragon

Illustrated notes

Levels and vault maps discovered:
D:1:      kilobyte_arrival_exit_the_forest, layout_rooms, minmay_heptomino_d4
D:2:      layout_rooms, serial_shops, nicolae_shop_advertising_works
          [nicolae_subvault_shop_adworks], uniq_robin
D:3:      layout_basic, lemuel_doored_altar, uniq_ijyb, uniq_sigmund
D:4:      layout_basic, serial_shops, shop
D:5:      layout_cave_pods, cheibrodos_ashenzari_chains, ebering_ghost_sewer_f,
          bh_walls_and_bars
D:6:      layout_basic, uniq_maggie, uniq_eustachio
D:7:      layout_loops_ring, minitemple, nicolae_kikubaaqudgha_miasma_corner,
          temple_hall, ebering_ghost_reflecting_pool, kennysheep_crisscross,
          st_stairs_9, minmay_manual_mail
D:8:      layout_basic, nicolae_hepliaklqana_hazy_memory, lair_entry_dummy,
          gammafunk_ghost_spectres, worms_lemuel
D:9:      layout_rooms, serial_undead, serial_undead_c, serial_undead_b,
          serial_undead_a, serial_undead_e
D:10:     layout_gridville, orc_david_3
D:11:     layout_basic, trog_three_pillars_becter
D:12:     layout_small_grid, minmay_misc_feat_four_crosses, uniq_psyche
D:13:     layout_layer_cave, hangedman_vaults_entry_quadrant_bands,
          grunt_decor_junction, minmay_shop_chei
D:14:     layout_stronghold, kennysheep_another_room, minmay_variable_closet
D:15:     grunt_enter_depths_hoard, layout_loops_ring, serial_shops,
          nicolae_shop_overgrown_old_shop
Temple:   nicolae_temple_bog_church
Lair:1:   layout_cave_pods, minivault_19, uniq_amaemon, uniq_sonja, uniq_urug
Lair:2:   layout_roguey, basic_altar, dreamdust_gnoll_shepherd,
          grunt_megastairs_5
Lair:3:   layout_regular_city, nicolae_swamp_entry_spooky, dummy_snake_entry,
          nicolae_volcano_entry_batcave, nicolae_lair_grazing_beasts
          [nicolae_sub_lair_graze_edge, nicolae_sub_lair_graze_edge,
          nicolae_sub_lair_graze_edge, nicolae_sub_lair_graze_edge]
Lair:4:   layout_hall_layers, grunt_megastairs_4, uniq_josephine
Lair:5:   gammafunk_lair_ancient_temple, layout_hall_layers, slime_entry_1,
          ebering_ghost_funeral_grove, gauntlet_entry_generic,
          grunt_forest_small_clearing_treed, uniq_rupert
Swamp:1:  layout_falls_marsh, nicolae_swamp_very_dense_foliage,
          amcnicky_altar_lugonu_corruption
Swamp:2:  layout_falls_marsh, hangedman_swamp_cone
Swamp:3:  layout_basic_swamp, nicolae_swamp_small_spring
Swamp:4:  swamp_alternative, layout_basic_swamp
Snake:1:  layout_chambers, serial_shops, statue_bzr, evilmike_ambush
          [evilmike_ambush_outer_basic, evilmike_ambush_inner_pond]
Snake:2:  layout_misc_corridors, ebering_ghost_inner_flame, serial_shops,
          nicolae_shop_behind_doors
Snake:3:  layout_grid_maze, serial_bayou_shore_b, serial_bayou_shore_b,
          minmay_shoptagon
Snake:4:  johnstein_snake_rune_scales, layout_cave_town,
          nicolae_triple_integral, minmay_shop_grove, uniq_louise,
          uniq_bai_suzhen
Slime:1:  layout_caves
Slime:2:  layout_caves
Slime:3:  layout_caves
Slime:4:  layout_caves
Slime:5
Orc:1:    layout_caves, gammafunk_ghost_split, serial_shops, shop_statue,
          mines1_david
Orc:2:    st_orc_congregation, layout_caves, serial_shops,
          nicolae_shop_waterfront
Vaults:1: hangedman_vaults_pinch, hangedman_vaults_nodes, vaults_dpeg_doors,
          hangedman_vaults_trim, ontoclasm_vaults_misaligned, v_misc_23,
          vaults_room_fancy_cross, nicolae_vaults_big_angled_halls,
          vaults_dpeg_emergency_exit, v_alt_pattern_2, vaults_mumra_lcd,
          vaults_room_pool, layout_vaults_omnibox, serial_glass
Vaults:2: nicolae_vaults_border_crossing, v_misc_27, v_alt_pattern_6,
          v_pattern_2, nicolae_vaults_network_square, vaults_dpeg_encased_lava,
          layout_vaults_quadrants
Vaults:3: hangedman_vaults_corner_blocks, v_misc_9, v_misc_28,
          ontoclasm_vaults_decontamination, hangedman_vaults_stagger,
          vaults_room_glass_cross, minmay_crypt_entry_skeletal_spiral,
          v_misc_25, ontoclasm_vaults_tryst, nicolae_vaults_little_squares_4,
          nicolae_vaults_yaktaur_gun_rack, layout_vaults_ring, serial_shops,
          shop
Vaults:4: grunt_vaults_trifunnel, hangedman_vaults_capsules, v_pattern_4,
          v_rooms_3, v_rooms_4, nicolae_vaults_shelves_hall,
          nicolae_vaults_mini_display_case, layout_vaults_chaotic_city,
          serial_shops, nicolae_diamond_shop, uniq_donald
Vaults:5: serial_shops
Depths:1: layout_roguey [special_room_morgue], grunt_hell_entry_dis_mu,
          chequers_serial_rivers_micro_a, chequers_serial_rivers_micro_a,
          minmay_misc_feat_pillars, chequers_jeans, nicolae_inconvenience_store,
          tso_metal_star, serial_bayou_shore_b
Depths:2: minmay_cut_squares, layout_long_grid, grunt_pan_entry_zigzag,
          hell_entry
Depths:3: grunt_deathspiral_small, layout_gridlike, enter_ziggurat_f,
          abyss_entry, hell_entry, hangedman_decor_clover_reticule,
          kennysheep_just_a_vault, minmay_staircase_statues
Depths:4: evilmike_zot_entry_diamond, layout_cave_shapes, grunt_mini_vestibule,
          serial_rivers, chequers_serial_rivers_micro_e,
          chequers_serial_rivers_micro_d, chequers_serial_rivers_micro_a,
          chequers_serial_rivers_marsh, chequers_serial_rivers_micro_d,
          chequers_serial_rivers_small_3, xom_teletrap_fun, uniq_saint_roka,
          uniq_frederick
Zot:1:    cheibrodos_zot_enchanting_chambers, layout_gridlike,
          hangedman_spider_trapstep

Skill      XL: |  1  2  3  4  5  6  7  8  9 10 11 12 13 14 15 16 17 18 19 20 21 22 23 |
---------------+----------------------------------------------------------------------+-----
Armour         | 4 5 6 7 8 10 12 13 15 17 18 19 20 21 22 | 22.0
Axes           | 3 5 6 8 9 11 13 15 17 18 19 20 21 22 23 24 25 26 | 26.6
Fighting       | 4 5 6 7 9 10 11 13 15 17 18 20 21 22 23 25 | 25.1
Shields        | 4 5 6 7 8 9 11 12 14 17 19 21 23 24 26 27 | 27.0
Dodging        | 1 2 3 4 5 6 7 |  7.1
Stealth        | 1 2 3 |  3.2
Invocations    | 1 2 3 4 5 6 |  6.5
Throwing       | 2 3 6 8 9 |  9.7
Evocations     | |  0.1

Action                     |  1- 3 |  4- 6 |  7- 9 | 10-12 | 13-15 | 16-18 | 19-21 | 22-24 || total
---------------------------+-------+-------+-------+-------+-------+-------+-------+-------++-------
  Melee: War axe           |    82 |   130 |   220 |   626 |   804 |  1658 |  1757 |  1062 ||  6339
         Headbutt          |    11 |    23 |    26 |   149 |   194 |   404 |   526 |   384 ||  1717
  Throw: Boomerang         |       |       |       |    11 |     5 |     6 |   112 |   208 ||   342
         Javelin           |       |       |       |       |       |     2 |       |     8 ||    10
         Throwing net      |       |       |       |       |       |       |       |     1 ||     1
 Invoke: Heroism           |       |       |       |    21 |    30 |    31 |    11 |    12 ||   105
         Finesse           |       |       |       |       |       |       |     2 |     1 ||     3
  Evoke: Wand              |       |       |       |       |       |       |     1 |     5 ||     6
    Use: Scroll            |     6 |     3 |     4 |     8 |    12 |     6 |     3 |     9 ||    51
         Potion            |       |       |     1 |     2 |     1 |     1 |     1 |     2 ||     8
   Stab: Petrified         |       |       |       |     1 |     1 |       |       |       ||     2
         Petrifying        |       |       |       |       |     1 |       |       |       ||     1
         Confused          |       |       |       |       |       |       |     1 |       ||     1
 Armour: Scale mail        |    34 |       |       |       |       |       |       |       ||    34
         Plate armour      |    19 |    65 |   130 |   352 |   507 |  1066 |   516 |   303 ||  2958
  Dodge: Dodged            |    56 |    81 |   119 |   345 |   457 |   956 |   452 |   244 ||  2710
  Block: Buckler           |    17 |    31 |    43 |   149 |   253 |    32 |       |       ||   525
         Kite shield       |       |       |       |       |       |   529 |       |       ||   529
         Tower shield      |       |       |       |       |       |  1063 |  1697 |  1072 ||  3832

Table legend: (Time is in decaauts)
 A = Elapsed time spent in this place.
 B = Non-inter-level travel time spent in this place.
 C = Inter-level travel time spent in this place.
 D = Time resting spent in this place.
 E = Time spent auto-exploring this place.
 F = Levels seen in this place.
 G = Mean time per level.
                   A        B        C        D        E       F      G
               +--------+--------+--------+--------+--------+-----+--------+
         Total |  51591 |  45255 |   6336 |   1118 |  31469 |  48 | 1074.8 |
       Dungeon |  16491 |  13684 |   2807 |    208 |  10271 |  15 | 1099.4 |
        Temple |    154 |    145 |      9 |      0 |    132 |   1 |  154.0 |
          Lair |   8306 |   6689 |   1617 |      0 |   5311 |   5 | 1661.2 |
         Swamp |   3217 |   3105 |    112 |    114 |   2069 |   4 |  804.2 |
     Snake Pit |   4791 |   4553 |    238 |    129 |   2921 |   4 | 1197.8 |
    Slime Pits |   3058 |   2891 |    167 |     66 |   1804 |   5 |  611.6 |
  Orcish Mines |   2123 |   1903 |    220 |     13 |   1190 |   2 | 1061.5 |
        Vaults |   6922 |   6266 |    656 |      0 |   4442 |   5 | 1384.4 |
        Depths |   5189 |   4683 |    506 |    180 |   3022 |   4 | 1297.2 |
           Zot |     50 |     50 |      0 |      0 |      1 |   1 |   50.0 |
        Bazaar |    133 |    133 |      0 |      0 |     64 |   1 |  133.0 |
      Gauntlet |   1151 |   1151 |      0 |    408 |    239 |   1 | 1151.0 |
               +--------+--------+--------+--------+--------+-----+--------+

Top non-repeatable levels by time:
     D:8: 2326 daAuts
  Lair:3: 2106 daAuts
  Lair:1: 1881 daAuts
Vaults:4: 1627 daAuts
  Lair:5: 1602 daAuts
  Lair:2: 1566 daAuts
Depths:3: 1546 daAuts
    D:13: 1518 daAuts
Vaults:5: 1513 daAuts
Depths:1: 1503 daAuts
 Snake:1: 1463 daAuts
 Snake:4: 1440 daAuts
Vaults:3: 1427 daAuts
Vaults:2: 1327 daAuts
    D:15: 1316 daAuts
